 Dungeon Crawl Stone Soup version 0.19.1-1-g22dce08 (webtiles) character file.

49 esteth the Firebug (level 3, -1/24 HPs)
             Began as a Demonspawn Fire Elementalist on Jan 2, 2017.
             Was an Initiate of Vehumet.
             Slain by a worm (7 damage)
             ... on level 2 of the Dungeon.
             The game lasted 00:04:51 (2196 turns).

esteth the Firebug (Demonspawn Fire Elementalist)   Turns: 2196, Time: 00:04:52

Health: -1/24      AC:  2    Str: 11    XL:     3   Next: 53%
Magic:  2/6        EV: 12    Int: 17    God:    Vehumet [......]
Gold:   81         SH:  0    Dex: 13    Spells: 1 memorised, 5 levels left

rFire  . . .     SeeInvis .     (no weapon)
rCold  . . .     Gourm    .     a - +0 robe
rNeg   . . .     Faith    .     (no shield)
rPois  .         Spirit   .     (helmet restricted)
rElec  .         Reflect  .     (no cloak)
rCorr  .         Harm     .     (no gloves)
MR     .....                    (no boots)
Stlth  ++........               (no amulet)
                                (no ring)
                                m - +3 ring of strength

@: no status effects
A: horns 1
a: Renounce Religion


You were on level 2 of the Dungeon.
You worshipped Vehumet.
Vehumet was noncommittal.
You were not hungry.

You visited 1 branch of the dungeon, and saw 2 of its levels.

You collected 81 gold pieces.

Inventory:

Armour
 a - a +0 robe (worn)
Jewellery
 m - a +3 ring of strength (left hand)
Scrolls
 d - a scroll of teleportation {unknown}
 e - 3 scrolls of identify {unknown}
 j - a scroll of fear {unknown}
 k - a scroll of blinking {unknown}
Potions
 g - a potion of magic {unknown}
 h - a potion of curing {unknown}
 i - a potion of brilliance {unknown}
 n - 2 potions of mutation {unknown}
Books
 b - a book of Flames

   Spells                             Type                      Level
   a - Flame Tongue                   Conjuration/Fire             1
   b - Throw Flame                    Conjuration/Fire             2
   c - Conjure Flame                  Conjuration/Fire             3
   d - Inner Flame                    Hexes/Fire                   3
   e - Sticky Flame                   Conjuration/Fire             4
   f - Fireball                       Conjuration/Fire             5
Comestibles
 c - 3 bread rations
 l - a beef jerky


   Skills:
 - Level 2.0 Dodging
 - Level 2.1 Stealth
 - Level 2.1 Spellcasting
 + Level 2.7 Conjurations
 - Level 2.8 Fire Magic


You had 5 spell levels left.
You knew the following spells:

 Your Spells              Type           Power        Failure   Level  Hunger
a - Flame Tongue          Conj/Fire      ##...        10%         1    #......


Dungeon Overview and Level Annotations

Branches:
Dungeon (2/15)

Altars:
Vehumet


Innate Abilities, Weirdness & Mutations

You have a pair of small horns on your head.


Message History

The flame tongue hits the worm.
The worm is heavily wounded.
Casting: Flame Tongue
Confirm with . or Enter, or press ? or * to list all spells.
Aiming: Flame Tongue
Press: ? - help, Shift-Dir - straight line, f/p - worm
Aim: a worm (heavily wounded)
The flame tongue hits the worm.
The worm is heavily wounded.
Casting: Flame Tongue
Confirm with . or Enter, or press ? or * to list all spells.
Aiming: Flame Tongue
Press: ? - help, Shift-Dir - straight line, f/p - worm
Aim: a worm (heavily wounded)
The flame tongue hits the worm.
The worm is heavily wounded.
The worm bites you!
* * * LOW HITPOINT WARNING * * *
The worm bites you!
You die...

###### #.#
.....### #.#
.......# #<#
####.#.# #.# #
##.#.####### #.# #
#..........###.# #
#..#.####.#.##.##
###..#.#
#.###....##
####### .......#
##.#...@..#
#.....# .....###
##.#...w####.....#
###.##
###.............#
###.#####
#...#####.....#
.(......# ###.#
#.....# ###.###.#
##'## ###.#######
# #.# #.# ##...##
#.......# #
#.###.# ##.....##
#######.# #
#.##..#
##...<...## #.#


You could see a worm.

Vanquished Creatures
  An adder (D:2)
  An ooze (D:1)
  A worm (D:2)
  2 dart slugs
  A giant cockroach (D:2)
  3 goblins
  7 hobgoblins
  A quokka (D:2)
  2 bats (D:1)
  5 frilled lizards
  3 kobolds (D:1)
  2 rats (D:1)
29 creatures vanquished.

Notes
Turn   | Place    | Note
-------+----------+-------------------------------------------
     0 | D:1      | esteth the Demonspawn Fire Elementalist began the quest for the Orb.
     0 | D:1      | Reached XP level 1. HP: 13/13 MP: 3/3
   493 | D:1      | Gained mutation: You have a pair of small horns on your head. [demonic ancestry]
   493 | D:1      | Reached XP level 2. HP: 17/19 MP: 1/5
  1550 | D:2      | Reached XP level 3. HP: 24/24 MP: 2/6
  2025 | D:2      | Found a radiant altar of Vehumet.
  2044 | D:2      | Became a worshipper of Vehumet
  2196 | D:2      | Slain by a worm

Skill      XL: |  1  2 |
---------------+-------+-----
Stealth        | 2 |  2.1
Dodging        | 2 |  2.0
Conjurations   | 2 |  2.7
Spellcasting   | |  2.1
Fire Magic     | |  2.8

Action                   || total
-------------------------++-------
Melee: Unarmed           ||    23
 Cast: Flame Tongue      ||    55
  Eat: Chunk             ||     5
Armor: Robe              ||     4
Dodge: Dodged            ||    26
